 Dungeon Crawl Stone Soup version 0.18.1-8-gdd0e5ea (webtiles) character file.

870 Kzard the Covered (level 7, -3/61 HPs)
             Began as a Minotaur Fighter on June 2, 2016.
             Was an Initiate of Cheibriados.
             Slain by a gnoll
             ... wielding a +0 flail
              (11 damage)
             ... on level 5 of the Dungeon on June 3, 2016.
             The game lasted 00:31:01 (5235 turns).

Kzard the Covered (Minotaur Fighter)                Turns: 5235, Time: 00:31:02

Health: -3/61      AC: 10    Str: 22    XL:     7   Next: 73%
Magic:  7/7        EV:  9    Int: 14    God:    Cheibriados [......]
Gold:   279        SH: 10    Dex: 10    Spells: 0 memorised, 6 levels left

rFire  . . .     SeeInvis .     v - +1 morningstar (drain)
rCold  . . .     Gourm    .     t - +0 chain mail
rNeg   . . .     Faith    .     c - +0 shield
rPois  .         Spirit   .     (helmet restricted)
rElec  .         Dismiss  .     (no cloak)
rCorr  .         Reflect  .     (no gloves)
SustAt .         Harm     .     (no boots)
MR     .....                    i - amulet of regeneration
Stlth  ..........               m - +2 ring of evasion
                                h - +6 ring of intelligence

@: slowed, drained, very slow, not resistant to hostile enchantments, extremely
unstealthy
A: retaliatory headbutt, horns 2
a: Bend Time, Renounce Religion


You were on level 5 of the Dungeon.
You worshipped Cheibriados.
Cheibriados was noncommittal.
You were not hungry.

You visited 2 branches of the dungeon, and saw 6 of its levels.

You collected 279 gold pieces.

Inventory:

Hand Weapons
 a - a +2 war axe
 v - a +1 morningstar of draining (weapon)
Missiles
 l - 90 stones
 z - 3 tomahawks (quivered)
Armour
 c - a +0 shield (worn)
 t - a +0 chain mail (worn)
Jewellery
 h - a +6 ring of intelligence (left hand)
 i - an amulet of regeneration (around neck)
 k - an uncursed amulet of magic regeneration
 m - a +2 ring of evasion (right hand)
 y - an uncursed amulet of dismissal {unknown}
Scrolls
 g - a scroll of amnesia
 r - 2 scrolls of identify
 w - a scroll of remove curse
 A - a scroll of teleportation
Potions
 b - a potion of mutation {unknown}
 d - a potion of might
 e - 2 potions of resistance
 j - a potion of agility
 o - a potion of lignification {unknown}
 p - a potion of curing
 q - a potion of invisibility {unknown}
 x - a potion of degeneration {unknown}
Comestibles
 f - 5 bread rations
 n - a beef jerky
 s - 2 meat rations
 u - 2 chunks of flesh


   Skills:
 + Level 5.0(4.5) Fighting
 + Level 3.4(3.1) Axes
 + Level 1.6(2.2) Maces & Flails
 + Level 1.5(1.0) Throwing
 + Level 6.9(6.3) Armour
 + Level 4.0(3.4) Dodging
 + Level 1.0(0.5) Stealth
 + Level 5.6(5.1) Shields
 + Level 1.5(1.0) Invocations


You had 6 spell levels left.
You didn't know any spells.

Dungeon Overview and Level Annotations

Branches:
Dungeon (5/15)             Temple (1/1) D:4

Altars:
Ashenzari
Cheibriados
Dithmenos
Fedhas
Gozag
Nemelex Xobeh
Okawaru
Qazlal
Ru
Sif Muna
Trog
Vehumet
Xom
Zin
The Shining One

Annotations:
D:5 Grinder; M4edhros's ghost, novice FoHu


Innate Abilities, Weirdness & Mutations

You reflexively headbutt those who attack you in melee.
You have a pair of horns on your head.


Message History

A gnoll comes into view. It is wielding a flail.
The gnoll shouts!
A gnoll comes into view. It is wielding a club.
The gnoll shouts!
An iguana comes into view.
The iguana hisses angrily.
Found 20 bolts.
A giant gecko, a gnoll and a gnoll shaman come into view.
The gnoll shaman shouts!
The gnoll shouts!
You hit the giant gecko. You drain the giant gecko!
You kill the giant gecko!
Cheibriados appreciates the change of pace.
The gnoll hits you but does no damage.
The gnoll shaman calls upon its god to speed up the gnoll.
The gnoll seems to speed up.
The gnoll hits you with a flail!
* * * LOW HITPOINT WARNING * * *
You block the gnoll's attack.
You fail to use your ability.
You block the gnoll's attack. The gnoll hits you with a flail!
You die...

...........# ##..
.(.........# ....
...........# ..
...........# .
.......g...#### #.....#.
.......l......# #.....#.
.......gg.....###.....#.
#gg...............
#@................
........................
........................
.........#####..........
.........# ..........
.........# ..........
.........# ..........
.........# ..........
..........


You could see a gnoll shaman, an iguana and 4 gnolls.

Vanquished Creatures
  Duvessa (D:5)
  A sky beast (D:5)
  An ice beast (D:5)
  An ogre (D:4)
  Dowan (D:5)
  A jelly (D:4)
  A crimson imp (D:5)
  A hound (D:4)
  An orc priest (D:4)
  2 worker ants
  4 hound skeletons
  4 gnolls
  5 adders
  2 adder skeletons
  2 worms
  2 dart slugs
  3 giant geckos
  17 orcs
  A ball python (D:5)
  4 giant cockroaches
  10 goblins
  7 hobgoblins
  18 jackals
  5 kobolds
  3 quokkas
  11 bats
  3 giant newts (D:1)
  8 rats
120 creatures vanquished.

Notes
Turn   | Place    | Note
--------------------------------------------------------------
     0 | D:1      | Kzard the Minotaur Fighter began the quest for the Orb.
     0 | D:1      | Reached XP level 1. HP: 19/19 MP: 0/0
   114 | D:1      | Reached XP level 2. HP: 20/27 MP: 1/1
   114 | D:1      | Reached skill level 4 in Armour
   591 | D:1      | Reached XP level 3. HP: 33/33 MP: 2/2
  1393 | D:2      | Reached skill level 1 in Dodging
  1393 | D:2      | Reached XP level 4. HP: 22/40 MP: 3/3
  1685 | D:2      | Reached skill level 5 in Armour
  1984 | D:3      | Reached XP level 5. HP: 44/46 MP: 4/4
  2686 | D:3      | Reached skill level 5 in Shields
  3105 | D:4      | Noticed an ogre
  3112 | D:4      | Killed an ogre
  3112 | D:4      | Reached XP level 6. HP: 53/53 MP: 5/5
  3276 | D:4      | Found a staircase to the Ecumenical Temple.
  3288 | Temple   | Entered the Ecumenical Temple
  3556 | Temple   | Became a worshipper of Cheibriados the Contemplative
  3617 | D:4      | Reached skill level 1 in Throwing
  3660 | D:4      | Found a stormy altar of Qazlal.
  4453 | D:4      | Found a glowing silver altar of Zin.
  4619 | D:5      | Entered Level 5 of the Dungeon
  4654 | D:5      | Noticed a sky beast
  4658 | D:5      | Reached skill level 6 in Armour
  4682 | D:5      | Killed a sky beast
  4682 | D:5      | Reached skill level 1 in Maces & Flails
  4682 | D:5      | Reached skill level 1 in Invocations
  4682 | D:5      | Reached XP level 7. HP: 47/60 MP: 4/6
  4752 | D:5      | Noticed M4edhros's ghost (novice FoHu)
  4835 | D:5      | HP: 3/60 [M4edhros's ghost (14)]
  5044 | D:5      | Found a radiant altar of Vehumet.
  5115 | D:5      | Noticed Duvessa
  5121 | D:5      | Noticed Dowan
  5127 | D:5      | Killed Duvessa
  5127 | D:5      | Reached skill level 5 in Fighting
  5137 | D:5      | Killed Dowan
  5201 | D:5      | Noticed Grinder
  5217 | D:5      | Reached skill level 1 in Stealth
  5222 | D:5      | Paralysed by Grinder for 2 turns
  5235 | D:5      | Slain by a gnoll

Skill      XL: |  1  2  3  4  5  6  7 |
---------------+----------------------+-----
Armour         | 4 5 6 |  6.9
Shields        | 4 5 |  5.6
Fighting       | 4 5 |  5.0
Dodging        | 1 2 3 4 |  4.0
Axes           | 3 |  3.4
Throwing       | 1 |  1.5
Maces & Flails | 1 |  1.6
Invocations    | 1 |  1.5
Stealth        | 1 |  1.0

Action                   |  1- 3 |  4- 6 |  7- 9 || total
-------------------------+-------+-------+-------++-------
Melee: War axe           |   100 |   100 |       ||   200
       Headbutt          |     9 |    28 |     8 ||    45
       Morningstar       |       |    55 |    69 ||   124
Throw: Stone             |       |    22 |       ||    22
       Throwing net      |       |     6 |       ||     6
       Tomahawk          |       |     3 |     9 ||    12
Invok: Bend Time         |       |     6 |     4 ||    10
  Use: Scroll            |     4 |     9 |     1 ||    14
       Potion            |       |     1 |       ||     1
 Stab: Invisible         |       |       |     2 ||     2
  Eat: Chunk             |     2 |    11 |     3 ||    16
Armor: Scale mail        |    46 |    38 |       ||    84
       Chain mail        |       |    53 |    56 ||   109
       Skin              |       |       |    52 ||    52
Dodge: Dodged            |    37 |    85 |    37 ||   159
Block: Shield            |    71 |   124 |    80 ||   275
